 Dungeon Crawl Stone Soup version 0.28-a0-43-g560ac104fe (webtiles) character file.

Game seed: 14804892480836414762

31122 robertstho the Protected (level 13, -1/82 HPs)
             Began as a Gargoyle Fighter on July 28, 2021.
             Was a Priest of the Shining One.
             Slain by Jorgrun (9 damage)
             ... on level 13 of the Dungeon.
             The game lasted 00:23:10 (15865 turns).

robertstho the Protected (Gargoyle Fighter)        Turns: 15865, Time: 00:23:10

Health: -1/82      AC: 33    Str: 24    XL:     13   Next: 56%
Magic:  29/29      EV:  5    Int: 12    God:    the Shining One [***...]
Gold:   603        SH: 17    Dex: 10    Spells: 12/12 levels left

rFire   + . .      SeeInvis .   d - +9 lance "Wyrmbane" {slay drac, rPois rF+ rC+ AC+3}
rCold   + . .      Faith    .   c - +0 kite shield
rNeg    + + +      Spirit   .   D - +9 chain mail of Eye-covered Life {MP+9 Int+3}
rPois   ∞          Reflect  +   (helmet restricted)
rElec   +          Harm     .   (no cloak)
rCorr   +          Rampage  .   (no gloves)
Will    .....                   (no boots)
Stlth   ..........              b - amulet of reflection
HPRegen 0.23/turn               s - ring of resist corrosion
MPRegen 0.21/turn               A - ring of positive energy

@: about to teleport, grasped by roots, glowing, constricted, studying Shields
A: sickness immunity, AC +9, negative energy resistance 1, electricity
resistance, torment resistance 1, petrification resistance, horns 1
a: Renounce Religion, Divine Shield


You were on level 13 of the Dungeon.
You worshipped the Shining One.
The Shining One was most pleased with you.
You visited 1 branch of the dungeon, and saw 13 of its levels.
You also visited: Bailey.

You collected 795 gold pieces.
You spent 192 gold pieces at shops.

Inventory:

Hand Weapons
 a - a +0 flail
 d - the +9 lance "Wyrmbane" (weapon) {slay drac, rPois rF+ rC+ AC+3}
   (You took it off Maggie on level 8 of the Dungeon)

   It inflicts extra damage against dragons and draconians.
   AC:        It affects your AC (+3).
   rF:        It protects you from fire.
   rC:        It protects you from cold.
   rPois:     It protects you from poison.
Missiles
 q - 3 throwing nets (quivered)
Armour
 c - a +0 kite shield (worn)
 D - the +9 chain mail of Eye-covered Life (worn) {MP+9 Int+3}
   (You found it on level 7 of the Dungeon)

   Int:       It affects your intelligence (+3).
   MP:        It affects your magic capacity (+9).
Jewellery
 b - an amulet of reflection (around neck)
 s - a ring of resist corrosion (left hand)
 A - a ring of positive energy (right hand)
Wands
 e - a wand of flame (16)
 B - a wand of iceblast (16)
Scrolls
 g - 3 scrolls of enchant weapon
 k - a scroll of holy word
 m - 2 scrolls of teleportation
 r - 3 scrolls of fog
 t - 2 scrolls of immolation
 y - a scroll of magic mapping
 C - a scroll of brand weapon
 G - a scroll of enchant armour {unknown}
 J - a scroll of silence {unknown}
Potions
 f - a potion of curing
 l - 2 potions of mutation
 o - a potion of flight
 p - a potion of resistance
 u - a potion of brilliance
 v - a potion of invisibility {unknown}
 w - a potion of haste
 x - 2 potions of lignification {unknown}
 z - 2 potions of attraction {unknown}
 E - a potion of cancellation {unknown}
 I - a potion of might
Miscellaneous
 F - a tin of tremorstones (2/2)


   Skills:
 * Level 10.1 Fighting
 + Level 0.9 Long Blades
 + Level 0.4(6.6) Axes
 + Level 8.0 Maces & Flails
 + Level 7.5 Polearms
 + Level 0.7(7.3) Staves
 + Level 0.4(0.7) Slings
 + Level 1.0 Bows
 + Level 0.9 Crossbows
 + Level 0.7(0.9) Throwing
 * Level 11.2 Armour
 + Level 3.9 Dodging
 + Level 9.8 Shields
 + Level 1.3 Unarmed Combat
 + Level 1.6 Conjurations
 + Level 0.4 Hexes
 + Level 0.4 Summonings
 + Level 0.4 Necromancy
 + Level 0.4 Translocations
 + Level 0.6 Transmutations
 + Level 0.9 Fire Magic
 + Level 0.5 Ice Magic
 + Level 0.4 Air Magic
 + Level 0.8 Earth Magic
 + Level 1.0 Poison Magic
 * Level 9.4 Invocations
 + Level 2.6 Evocations


You had 12 spell levels left.
You didn't know any spells.
Your spell library contained the following spells:

 Spells                   Type           Power      Damage    Failure   Level
 Sandblast                Erth           2%         2d4       94%         1
 Corona                   Hex            1%         N/A       95%         1
 Passwall                 Tmut/Erth      0%         N/A       98%         2
 Ensorcelled Hibernation  Hex/Ice        2%         N/A       99%         2
 Dazzling Flash           Conj/Hex       4%         N/A       100%        3
 Frozen Ramparts          Ice            2%         1d2       100%        3
 Inner Flame              Hex/Fire       1%         N/A       100%        3
 Tukima's Dance           Hex            1%         N/A       100%        3
 Cause Fear               Hex            0%         N/A       100%        4
 Ice Form                 Ice/Tmut       1%         N/A       100%        4
 Summon Ice Beast         Ice/Summ       1%         N/A       100%        4
 Agony                    Necr           0%         N/A       100%        5
 Lee's Rapid Deconstruct  Erth           0%         3d5*      100%        5
 Silence                  Hex/Air        0%         N/A       100%        5
 Discord                  Hex            0%         N/A       100%        8


Dungeon Overview and Level Annotations

Branches:
Dungeon (13/15)            Temple (0/1) D:4          Vaults (0/5) D:13
 Bailey (visited)
   Lair: D:8-11         Orc: D:9-12

Altars:
Ashenzari
Dithmenos
Gozag
Nemelex Xobeh
Ru
Wu Jian
The Shining One

Shops:
D:4 ?

Portals:
Trove: D:12 (give 5 scrolls of blinking)

Annotations:
D:8 3 runed translucent doors, Nausicaa's ghost, novice TrDe
D:10 Snorg
D:13 Jorgrun


Innate Abilities, Weirdness & Mutations

You are immune to sickness and miasma.
Your stone body is resilient. (AC +9)
You are immune to poison.
You resist negative energy. (rN+)
You are resistant to electric shocks. (rElec)
You are resistant to unholy torment.
You are immune to petrification.
You have a pair of small horns on your head.


Message History

You puncture the two-headed ogre!
The two-headed ogre is lightly wounded.
The grasping roots constrict you.
You block the two-headed ogre's attack. x2
You hit the two-headed ogre. You headbutt the two-headed ogre.
The two-headed ogre is moderately wounded.
Jorgrun hits you but does no damage. The grasping roots constrict you!
You puncture the two-headed ogre!
The two-headed ogre is heavily wounded.
The two-headed ogre hits you with a +0 dire flail!
You block the two-headed ogre's attack.
Jorgrun hits you with a +0 vorpal quarterstaff!
* * * LOW HITPOINT WARNING * * *
x3 The grasping roots constrict you.
You feel much better.
The two-headed ogre hits you with a +0 dire flail!
The two-headed ogre hits you but does no damage.
You block Jorgrun's attack.
* * * LOW HITPOINT WARNING * * *
The grasping roots constrict you.
As you read the scroll of fear, it crumbles to dust.
You assume a fearsome visage.
Jorgrun resists with almost no effort.
The two-headed ogre looks frightened!
Jorgrun hits you but does no damage.
* * * LOW HITPOINT WARNING * * *
The grasping roots constrict you.
As you read the scroll of fear, it crumbles to dust.
You assume a fearsome visage.
Jorgrun resists with almost no effort.
You block Jorgrun's attack.
* * * LOW HITPOINT WARNING * * *
The grasping roots constrict you.
As you read the scroll of fear, it crumbles to dust.
You assume a fearsome visage.
Jorgrun resists with almost no effort.
Jorgrun hits you but does no damage.
* * * LOW HITPOINT WARNING * * *
The grasping roots constrict you!
Okay, then.
Okay, then.
As you read the scroll of teleportation, it crumbles to dust.
You feel strangely unstable.
Jorgrun hits you with a +0 vorpal quarterstaff!
You die...

##...## ##.# #####.###.#
###.....###..# .#....#...#
#............###.#.####.###
...##....#...##...#.#8##.###
..# #...###..##.###.#.##....
.# #...# #...#.###.#.######
#...###...#.....#.......
#...##....##############
....##.@......# .....
#g....#### #......#
.......... ....##.....
..##O. #.... ### ##. .... #
...


You could see Jorgrun and a two-headed ogre (fleeing).

Vanquished Creatures
  A hydra (D:13)
  An ogre mage (D:13)
  A centaur warrior (D:13)
  4 two-headed ogres
  3 death yaks (D:11)
  A deep elf archer (D:13)
  2 deep elf pyromancers (D:13)
  2 deep elf zephyrmancers (D:13)
  3 manticores
  A cyclops (D:13)
  A centaur zombie (D:11)
  Psyche (D:8)
  A gargoyle (D:12)
  Maggie (D:8)
  A kobold demonologist (D:13)
  2 trolls
  Grinder (D:4)
  2 slime creatures (D:12)
  Sigmund (D:3)
  A wyvern (D:8)
  A vampire (D:13)
  A wraith (D:13)
  A shadow (D:13)
  6 yaks (D:8)
  2 steam dragons
  4 acid dragons
  4 vampire mosquitoes (D:12)
  A water moccasin (D:6)
  2 sky beasts
  6 ogres
  A black bear (D:6)
  2 necrophages
  10 orc warriors (Bailey)
  10 centaurs
  5 kobold brigands
  3 scorpions
  A wyvern zombie (D:6)
  2 bullfrogs
  2 gnoll sergeants
  11 killer bees
  4 wights (D:9)
  2 bullfrog skeletons
  A centaur skeleton (D:7)
  4 hounds
  An orc priest (D:8)
  2 jellies (D:5)
  3 iguanas
  Terence (D:2)
  3 orc wizards (D:12)
  A howler monkey zombie (D:5)
  5 adders
  8 gnolls
  A white imp (D:5)
  An ufetubus (D:7)
  An adder skeleton (D:4)
  3 worms
  A dart slug (D:4)
  31 orcs
  7 endoplasms
  5 giant cockroaches
  10 goblins
  7 hobgoblins
  5 jackals
  8 quokkas
  9 ball pythons
  4 bats
  7 frilled lizards
  5 kobolds
  5 rats
251 creatures vanquished.

Vanquished Creatures (collateral kills)
  A slime creature (D:12)
1 creature vanquished.

Grand Total: 252 creatures vanquished

Notes
Turn   | Place    | Note
-------+----------+-------------------------------------------
     0 | D:1      | robertstho the Gargoyle Fighter began the quest for the
                  | Orb.
     0 | D:1      | Reached XP level 1. HP: 14/14 MP: 1/1
    60 | D:1      | Found a faded altar of an unknown god.
   432 | D:1      | Reached XP level 2. HP: 16/19 MP: 2/2
  1190 | D:1      | Reached XP level 3. HP: 21/24 MP: 3/3
  2059 | D:2      | Found a glowing golden altar of the Shining One.
  2114 | D:2      | Became a worshipper of the Shining One
  2311 | D:2      | Reached XP level 4. HP: 25/29 MP: 4/4
  2966 | D:2      | Reached skill level 4 in Armour
  3187 | D:3      | Noticed Terence
  3246 | D:2      | Killed Terence
  3247 | D:2      | Reached skill level 1 in Invocations
  3247 | D:2      | Reached XP level 5. HP: 11/33 MP: 5/5
  3534 | D:3      | Noticed Sigmund
  3547 | D:3      | Killed Sigmund
  3548 | D:3      | Reached XP level 6. HP: 19/39 MP: 5/7
  3584 | D:3      | Noticed a necrophage
  3590 | D:3      | Killed a necrophage
  4268 | D:4      | Identified the +3 spear "Lifebane" {elec, rPois rF+ rC-
                  | Will+}
  4318 | D:4      | Reached XP level 7. HP: 38/44 MP: 8/8
  4405 | D:4      | Found a staircase to the Ecumenical Temple.
  4692 | D:4      | Noticed Grinder
  4703 | D:4      | Paralysed by Grinder for 5 turns
  4722 | D:4      | Killed Grinder
  4723 | D:4      | Reached skill level 5 in Fighting
  4723 | D:4      | Reached skill level 5 in Armour
  4723 | D:4      | Reached skill level 1 in Dodging
  5010 | D:4      | Found a sacrificial altar of Ru.
  5010 | D:4      | Found a sparkling altar of Nemelex Xobeh.
  5012 | D:4      | Found an ornate altar of the Wu Jian Council.
  5013 | D:4      | Found a shadowy altar of Dithmenos.
  5172 | D:4      | Found Omominax's Magic Scroll Shop.
  5180 | D:4      | Bought a scroll of noise for 12 gold pieces
  5180 | D:4      | Bought a scroll of identify for 24 gold pieces
  5180 | D:4      | Bought a scroll of identify for 24 gold pieces
  5180 | D:4      | Bought a scroll of amnesia for 42 gold pieces
  5180 | D:4      | Bought a scroll of identify for 24 gold pieces
  5180 | D:4      | Bought a scroll of identify for 24 gold pieces
  5180 | D:4      | Bought a scroll of immolation for 42 gold pieces
  5429 | D:5      | Entered Level 5 of the Dungeon
  5545 | D:5      | Reached XP level 8. HP: 47/49 MP: 10/10
  5552 | D:5      | Reached skill level 5 in Maces & Flails
  5656 | D:5      | Reached skill level 6 in Armour
  5802 | D:5      | Reached skill level 5 in Shields
  6152 | D:5      | Reached * piety under the Shining One
  6888 | D:6      | Reached XP level 9. HP: 41/55 MP: 12/12
  6968 | D:6      | Noticed a two-headed ogre
  7635 | D:7      | Reached skill level 7 in Armour
  7635 | D:7      | Reached skill level 5 in Invocations
  8564 | D:7      | Identified the +9 chain mail of Eye-covered Life {MP+9
                  | Int+3}
  8693 | D:8      | Noticed Maggie
  8969 | D:6      | Gained mutation: You have a pair of small horns on your
                  | head. [potion of mutation]
  9098 | D:8      | Noticed Psyche
  9100 | D:8      | Found an opulent altar of Gozag.
  9106 | D:8      | Killed Psyche
  9172 | D:8      | Killed Maggie
  9181 | D:8      | Reached skill level 1 in Evocations
  9286 | D:8      | Noticed a manticore
  9298 | D:8      | Killed a manticore
  9299 | D:8      | Reached skill level 8 in Armour
  9299 | D:8      | Reached XP level 10. HP: 10/63 MP: 14/14
  9566 | D:8      | Found a runed translucent gate.
  9571 | D:8      | Found a runed translucent gate.
  9571 | D:8      | Found a runed translucent gate.
  9571 | D:8      | Noticed Nausicaa's ghost (novice TrDe)
  9633 | D:8      | Reached skill level 1 in Polearms
 10600 | D:9      | Noticed a two-headed ogre
 10609 | D:9      | Killed a two-headed ogre
 10785 | D:9      | Identified the +2 leather armour of the Sky {rElec rC-
                  | Regen+ Int+8}
 10812 | D:9      | Reached ** piety under the Shining One
 11002 | D:9      | Reached skill level 9 in Armour
 11092 | D:10     | Entered Level 10 of the Dungeon
 11116 | D:10     | Noticed a two-headed ogre
 11123 | D:10     | Killed a two-headed ogre
 11124 | D:10     | Reached XP level 11. HP: 57/68 MP: 16/16
 11175 | D:10     | Found a broken altar of Ashenzari.
 11199 | D:10     | Noticed Snorg
 11215 | D:10     | You fall into a shaft and drop 3 floors!
 11414 | D:13     | Noticed a two-headed ogre
 11423 | D:13     | Killed a two-headed ogre
 11521 | D:13     | Noticed a manticore
 11530 | D:13     | Killed a manticore
 11835 | D:13     | Noticed a four-headed hydra
 11844 | D:13     | Killed a four-headed hydra
 12229 | D:13     | Noticed a manticore
 12236 | D:13     | Killed a manticore
 13124 | D:13     | Noticed a tengu warrior
 13124 | D:13     | Noticed a centaur warrior
 13127 | D:13     | Noticed an orb spider
 13127 | D:13     | a hog changed into an orb spider
 13173 | D:12     | Reached skill level 5 in Polearms
 13222 | D:12     | Found a portal to a secret trove of treasure.
 13251 | D:12     | Reached skill level 10 in Armour
 13286 | D:12     | Found a flagged portal.
 13294 | Bailey   | Entered a bailey
 13832 | Bailey   | Reached *** piety under the Shining One
 14700 | D:12     | Identified the +6 quarterstaff of the Thieving Messenger
                  | {flame, Contam +Rage rPois Str+5}
 14849 | D:12     | Reached XP level 12. HP: 69/76 MP: 18/18
 14941 | D:11     | Noticed a death yak
 14951 | D:11     | Noticed a death yak
 14956 | D:11     | Noticed a death yak
 14964 | D:11     | Killed a death yak
 14982 | D:11     | Killed a death yak
 14998 | D:11     | Killed a death yak
 15203 | D:11     | Reached XP level 13. HP: 78/80 MP: 19/19
 15204 | D:11     | Reached skill level 11 in Armour
 15264 | D:11     | You fall into a shaft and drop 2 floors!
 15392 | D:13     | Reached skill level 1 in Unarmed Combat
 15423 | D:13     | Reached skill level 10 in Fighting
 15499 | D:13     | Reached skill level 1 in Conjurations
 15657 | D:13     | Reached skill level 1 in Bows
 15657 | D:13     | Reached skill level 1 in Poison Magic
 15732 | D:13     | Found a gate to the Vaults.
 15853 | D:13     | Noticed Jorgrun
 15865 | D:13     | Slain by Jorgrun

Illustrated notes

Levels and vault maps discovered:
D:1:      lemuel_arrival_lava_pool, layout_basic,
          dreamdust_ecumenical_altar_statues
D:2:      minmay_inner_zag, layout_loops_corners, basic_altar
D:3:      layout_loops_ring, uniq_sigmund, uniq_terence
D:4:      layout_loops_ring, mainiacjoe_overflow_alcove_3,
          minmay_temple_entry_statues_fountains, serial_shops, shop_statue,
          uniq_grinder
D:5:      layout_loops_cross, minmay_increasing_density
D:6:      layout_rooms, doesnt_shop_hydraphobe
D:7:      layout_loops_corners
D:8:      layout_basic, lemuel_crystal_altar, gammafunk_ghost_necromancy,
          uniq_psyche, uniq_maggie
D:9:      layout_rooms
D:10:     layout_roguey, evilmike_ruin_ashenzari, special_room
          [special_room_bee], chequers_serial_rivers_micro_c, uniq_snorg,
          uniq_urug, uniq_grum
D:11:     layout_basic, dpeg_lair_monsters, david_orc_2, minmay_crystal_room,
          uniq_maurice
D:12:     layout_loops_ring, enter_bailey_1, nicolae_trove_entry_crossroad
D:13:     wad_mega_maze, layout_layer_cave,
          hangedman_vaults_entry_quadrant_bands, uniq_jorgrun

Skill      XL: |  1  2  3  4  5  6  7  8  9 10 11 12 13 |
---------------+----------------------------------------+-----
Shields        | 4 5 6 7 8 9 |  9.8
Armour         | 4 5 6 8 9 10 11 | 11.2
Fighting       | 4 5 6 7 8 9 10 | 10.1
Invocations    | 1 2 3 4 5 6 8 9 |  9.4
Maces & Flails | 3 4 6 7 8 |  8.0
Dodging        | 1 2 3 |  3.9
Evocations     | 1 2 |  2.6
Polearms       | 3 6 7 |  7.5
Unarmed Combat | 1 |  1.3
Conjurations   | 1 |  1.6
Bows           | 1 |  1.0
Poison Magic   | 1 |  1.0
Long Blades    | |  0.9
Axes           | |  0.4
Staves         | |  0.7
Slings         | |  0.4
Crossbows      | |  0.9
Throwing       | |  0.7
Hexes          | |  0.4
Summonings     | |  0.4
Necromancy     | |  0.4
Translocations | |  0.4
Transmutations | |  0.6
Fire Magic     | |  0.9
Ice Magic      | |  0.5
Air Magic      | |  0.4
Earth Magic    | |  0.8

Action                   |  1- 3 |  4- 6 |  7- 9 | 10-12 | 13-15 || total
-------------------------+-------+-------+-------+-------+-------++-------
Melee: Flail             |   169 |   148 |   291 |       |       ||   608
       Lance             |       |       |    16 |   451 |    89 ||   556
       Headbutt          |       |       |     5 |    80 |    18 ||   103
       Unarmed           |       |       |     2 |       |       ||     2
Invok: Divine Shield     |       |       |       |     1 |       ||     1
Evoke: Wand              |       |       |    10 |       |       ||    10
  Use: Scroll            |       |       |    10 |     8 |     4 ||    22
       Potion            |       |       |    11 |     5 |     1 ||    17
Armor: Chain mail        |   143 |    94 |   236 |   268 |    31 ||   772
       Skin              |       |       |     1 |       |       ||     1
Dodge: Dodged            |    57 |    23 |    95 |   129 |     7 ||   311
Block: Kite shield       |   117 |    83 |   194 |   301 |    49 ||   744
       Reflection        |       |       |       |     2 |     8 ||    10

Table legend: (Time is in decaauts)
 A = Elapsed time spent in this place.
 B = Non-inter-level travel time spent in this place.
 C = Inter-level travel time spent in this place.
 D = Time resting spent in this place.
 E = Time spent auto-exploring this place.
 F = Levels seen in this place.
 G = Mean time per level.
                   A        B        C        D        E       F      G
               +--------+--------+--------+--------+--------+-----+--------+
         Total |  16091 |  15636 |    455 |   1495 |  11418 |  14 | 1149.4 |
       Dungeon |  15026 |  14571 |    455 |   1442 |  10802 |  13 | 1155.8 |
        Bailey |   1065 |   1065 |      0 |     53 |    616 |   1 | 1065.0 |
               +--------+--------+--------+--------+--------+-----+--------+

Top non-repeatable levels by time:
    D:13: 2505 daAuts
     D:2: 1828 daAuts
     D:1: 1710 daAuts
     D:8: 1469 daAuts
     D:7: 1430 daAuts
     D:5: 1272 daAuts
     D:4: 1221 daAuts
  Bailey: 1065 daAuts
     D:6: 883 daAuts
     D:3: 853 daAuts
    D:12: 765 daAuts
     D:9: 644 daAuts
    D:11: 316 daAuts
    D:10: 123 daAuts
